 Dungeon Crawl Stone Soup version 0.21.1-1-g345015f (webtiles) character file.

217 shakethe the Skirmisher (level 5, 0/42 HPs)
             Began as a Demonspawn Fighter on Feb 17, 2018.
             Was an Initiate of Ru.
             Slain by Crazy Yiuf
             ... wielding a +4 quarterstaff of chaos
              (4 damage)
             ... on level 3 of the Dungeon.
             The game lasted 00:05:12 (2549 turns).

shakethe the Skirmisher (Demonspawn Fighter)        Turns: 2549, Time: 00:05:13

Health: 0/42       AC:  6    Str: 22    XL:     5   Next: 62%
Magic:  4/5        EV:  7    Int:  9    God:    Ru [......]
Gold:   156        SH:  9    Dex: 13    Spells: 4/4 levels left

rFire    + . .     SeeInvis .   a - +0 war axe
rCold    . . .     Gourm    .   c - +0 shield
rNeg     . . .     Faith    +   b - +0 scale mail
rPois    .         Spirit   .   (no helmet)
rElec    .         Reflect  .   (no cloak)
rCorr    .         Harm     .   (no gloves)
MR       .....                  (no boots)
Stlth    ..........             o - amulet of faith {Faith, !P}
HPRegen  0.14/turn              e - ring of protection from fire {rF+, !d}
MPRegen  0.09/turn              (no ring)

@: mighty, slowed, drained, very slow
A: demonic guardian 1
a: Renounce Religion


You were on level 3 of the Dungeon.
You worshipped Ru.
Ru was noncommittal.
You were near starving.

You visited 1 branch of the dungeon, and saw 3 of its levels.

You collected 156 gold pieces.

Inventory:

Hand Weapons
 a - a +0 war axe (weapon)
Armour
 b - a +0 scale mail (worn)
 c - a +0 shield (worn)
Jewellery
 e - a ring of protection from fire (left hand) {rF+, !d}
   (You found it on level 1 of the Dungeon)
 o - an amulet of faith (around neck) {Faith, !P}
   (You found it on level 2 of the Dungeon)
 p - an uncursed amulet of magic regeneration {unknown}
   (You found it on level 3 of the Dungeon)
 u - an uncursed amulet of magic regeneration {unknown}
   (You found it on level 3 of the Dungeon)
Wands
 s - a wand of flame (15)
   (You took it off Ijyb on level 3 of the Dungeon)
Scrolls
 g - 5 scrolls of identify {unknown}
 h - 2 scrolls of remove curse {unknown}
 j - a scroll of enchant weapon {unknown}
 k - 4 scrolls of teleportation {unknown}
 q - a scroll of fog {unknown}
 r - a scroll of amnesia {unknown}
Potions
 i - 3 potions of heal wounds {unknown}
 l - a potion of invisibility {unknown}
 m - a potion of flight {unknown}
 n - a potion of berserk rage {unknown}
 t - a potion of curing {unknown}
Comestibles
 f - 3 rations


   Skills:
 + Level 3.9(3.5) Fighting
 * Level 3.6(3.3) Axes
 + Level 3.5(3.1) Armour
 + Level 3.5(3.1) Shields


You had 4 spell levels left.
You didn't know any spells.

Dungeon Overview and Level Annotations

Branches:
Dungeon (3/15)

Altars:
Fedhas
Qazlal
Ru
Zin

Annotations:
D:3 Crazy Yiuf


Innate Abilities, Weirdness & Mutations

A weak demonic guardian rushes to your aid.


Message History

u - a blackened steel amulet You are feeling very hungry.
No target in view!
Health restored: 42 No target in view!
No target in view!
No target in view!
No target in view!
No target in view!
No target in view!
No target in view!
No target in view!
No target in view!
No target in view!
No target in view!
No target in view!
No target in view!
No target in view!
No target in view!
No target in view!
No target in view!
You see here 6 arrows.
You see here a hobgoblin skeleton.
g - 5 scrolls labeled FYEHOI GA HOJA (gained 1)
There is an open door here.
You see here a large shield.
You are near starving!
You see here a club.
Things that are here:
a mace; a club
Things that are here:
a flail; a ring mail You see here 6 arrows.
No target in view!
No target in view!
No target in view!
No target in view!
No target in view!
No target in view!
No target in view!
No target in view!
No target in view!
No target in view!
No target in view!
No target in view!
No target in view!
No target in view!
No target in view!
No target in view!
No target in view!
You open the door.
Crazy Yiuf the Enlightened comes into view.
He is wielding a quarterstaff of chaos.
Crazy Yiuf shouts!
There is an open door here.
You hit Crazy Yiuf.
Crazy Yiuf hits you with a quarterstaff of chaos.
You take 1 damage, and have 41/42 hp.
You closely miss Crazy Yiuf. Crazy Yiuf barely misses you.
Crazy Yiuf hits you with a quarterstaff of chaos.
Crazy Yiuf freezes you.
You take 3 damage, and have 38/42 hp.
You barely miss Crazy Yiuf.
Crazy Yiuf glowers.
You block Crazy Yiuf's attack.
You slash Crazy Yiuf!
Crazy Yiuf hits you with a quarterstaff of chaos.
Crazy Yiuf draws strength from your wounds!
You take 1 damage, and have 37/42 hp.
You hit Crazy Yiuf but do no damage.
Crazy Yiuf says, "Aardvark noodlescoop tea!"
You block Crazy Yiuf's attack.
You closely miss Crazy Yiuf.
Crazy Yiuf hits you with a quarterstaff of chaos.
You feel yourself slow down.
You take 1 damage, and have 36/42 hp.
Your scale mail prevents you from hitting Crazy Yiuf.
Crazy Yiuf barely misses you.
Crazy Yiuf cries, "Whiteboard!"
Crazy Yiuf completely misses you.
You closely miss Crazy Yiuf.
Crazy Yiuf laughs, "Mama Orb Guardian poople!"
You block Crazy Yiuf's attack.
Crazy Yiuf cries, "You leg down broken song, no?"
Crazy Yiuf hits you with a quarterstaff of chaos!
You feel your power leaking away.
You take 8 damage, and have 29/42 hp.
You now have 4/5 mp.
You hit Crazy Yiuf but do no damage.
Crazy Yiuf cries, "Two!"
Crazy Yiuf hits you with a quarterstaff of chaos.
Crazy Yiuf freezes you.
Crazy Yiuf whimpers, "Liver!"
Crazy Yiuf hits you with a quarterstaff of chaos!
* * * LOW HITPOINT WARNING * * *
You feel drained.
* * * LOW HITPOINT WARNING * * *
You take 25 damage, and have 4/42 hp.
MASSIVE DAMAGE!!
You feel very mighty all of a sudden.
Crazy Yiuf hits you with a quarterstaff of chaos.
You die...

#....#
#####...
#PP.P#
#.......
##.P.#
#####.####.#
##.##
#.)........#
##.#
#.....######
#.## #.#####
##.# ###
#.## #@#
#.g.# #...#
#)..# #####


You could see Crazy Yiuf.

Vanquished Creatures
  An orc priest (D:3)
  Ijyb (D:3)
  4 adders (D:3)
  2 worms (D:3)
  A dart slug (D:2)
  A leopard gecko (D:1)
  7 orcs (D:3)
  8 bats
  3 giant cockroaches
  3 goblins
  10 hobgoblins
  A quokka (D:2)
  6 frilled lizards
  4 kobolds
  9 rats
61 creatures vanquished.

Vanquished Creatures (collateral kills)
  An orc priest (D:3)
  An orc wizard (D:3)
  4 orcs (D:3)
  A quokka (D:3)
7 creatures vanquished.

Grand Total: 68 creatures vanquished

Notes
Turn   | Place    | Note
-------+----------+-------------------------------------------
     0 | D:1      | shakethe the Demonspawn Fighter began the quest for the Orb.
     0 | D:1      | Reached XP level 1. HP: 18/18 MP: 1/1
   154 | D:1      | Reached skill level 2 in Axes
   267 | D:1      | Gained mutation: A weak demonic guardian rushes to your aid. [demonic ancestry]
   267 | D:1      | Reached XP level 2. HP: 17/24 MP: 2/2
   986 | D:2      | Reached XP level 3. HP: 29/29 MP: 3/3
  1021 | D:2      | Reached skill level 3 in Shields
  1038 | D:2      | Found a sacrificial altar of Ru.
  1081 | D:2      | Reached skill level 3 in Armour
  1331 | D:2      | Became a worshipper of Ru the Awakened
  1420 | D:3      | Found a glowing silver altar of Zin.
  1505 | D:3      | Noticed Ijyb
  1537 | D:3      | Killed Ijyb
  1537 | D:3      | Reached skill level 3 in Axes
  1537 | D:3      | Reached XP level 4. HP: 34/35 MP: 4/4
  1694 | D:3      | Reached XP level 5. HP: 40/42 MP: 5/5
  1743 | D:3      | Found a stormy altar of Qazlal.
  1761 | D:3      | Found a blossoming altar of Fedhas.
  2312 | D:3      | Found a runed door.
  2538 | D:3      | Noticed Crazy Yiuf
  2548 | D:3      | HP: 10/42 [Crazy Yiuf/quarterstaff of chaos (13)]
  2548 | D:3      | HP: 4/42 [Crazy Yiuf/quarterstaff of chaos (6)]
  2549 | D:3      | Slain by Crazy Yiuf

Skill      XL: |  1  2  3 |
---------------+----------+-----
Axes           | 2 3 |  3.6
Shields        | 3 |  3.5
Armour         | 3 |  3.5
Fighting       | |  3.9

Action                   |  1- 3 |  4- 6 || total
-------------------------+-------+-------++-------
Melee: War axe           |   127 |   100 ||   227
  Use: Potion            |       |     1 ||     1
  Eat: Chunk             |     2 |     2 ||     4
Armor: Scale mail        |    72 |    37 ||   109
Dodge: Dodged            |    35 |    26 ||    61
Block: Shield            |    67 |    60 ||   127

Vault maps used:
D:1:      nagdon_arrival_double_spiral
D:2:      lemuel_crystal_altar
D:3:      grunt_temple_overflow_forces_of_nature, zin_academy,
          grunt_ministairs_13, minmay_stone_trees_small,
          uniq_crazy_yiuf_cottage, uniq_ijyb

Table legend:
 A = Turns spent in this place as a percentage of turns spent in the entire game.
 B = Non-inter-level travel turns spent in this place as a percentage of non-inter-level travel turns spent in the entire game.
 C = Inter-level travel turns spent in this place as a percentage of turns spent in this place.
 D = Turns resting spent in this place as a percentage of non-inter-level travel turns spent in this place.
 E = Turns spent auto-exploring this place as a percentage of non-inter-level travel turns spent in this place.
 F = Non-inter-level travel turns spent in this place divided by the number of levels of this place that you've seen.
                   A       B       C       D       E      F
               +-------+-------+-------+-------+-------+----------------------
         Total | 100.0 | 100.0 |   0.0 |   9.6 |  61.0 | 849.7
       Dungeon | 100.0 | 100.0 |   0.0 |   9.6 |  61.0 | 849.7
               +-------+-------+-------+-------+-------+----------------------

Table legend:
 A = Kills in this place as a percentage of kills in entire the game.
 B = Kills by you in this place as a percentage of kills by you in the entire game.
 C = Kills by friends in this place as a percentage of kills by friends in the entire game.
 D = Other kills in this place as a percentage of other kills in the entire game.
 E = Experience gained in this place as a percentage of experience gained in the entire game.
 F = Experience gained in this place divided by the number of levels of this place that you have seen.
                   A       B       C       D       E      F
               +-------+-------+-------+-------+-------+----------------------
         Total | 100.0 | 100.0 | 100.0 |   N/A | 100.0 | 103.7
       Dungeon | 100.0 | 100.0 | 100.0 |   N/A | 100.0 | 103.7
               +-------+-------+-------+-------+-------+----------------------
